Map: Dusk Towers

Players

nyceson

  • Race: Zerg Zerg
  • League: Gold

lesha - Winner!

  • Race: Terran Terran
  • League: Silver

VOD

Have the link to the VOD?

Description

Time

  • Played on: Jan. 4, 2016, 9:52 a.m.
  • Length: 6:59
Show
View Real Time Build Order
Export as new Build Order

nyceson Zerg 

Build Orders: Hatch First 

Get SALT Encoding   

  12  0:01  Drone  
  13  0:12  Overlord  
  13  0:17  Drone  
  14  0:34  Drone x2  
  16  0:49  Hatchery  
  15  0:57  Drone, Extractor  
  15  0:58  Drone  
  16  1:15  Spawning Pool  
  16  1:18  Drone  
  16  1:23  Drone  
  16  1:24  Drone  
  18  1:33  Drone  
  19  1:41  Drone  
  20  1:53  Overlord  
  20  2:02  Drone x2  
  20  2:06  Queen  
  20  2:08  Queen  
  24  2:14  Drone  
  27  2:16  Drone  
  28  2:24  Drone x2  
  28  2:29  Metabolic Boost  
  30  2:47  Hatchery  
  29  2:53  Zergling x8  
  33  3:11  Roach Warren  
  32  3:15  Queen  
  32  3:16  Queen  
  36  3:32  Overlord  
  36  3:33  Overlord x2  
  36  3:59  Lair  
  36  4:01  Drone  
  36  4:02  Drone x7  
  44  4:03  Drone x3  
  47  4:10  Queen  
  47  4:15  Drone x2  
  51  4:34  Extractor  
  50  4:38  Spore Crawler  
  50  4:42  Spore Crawler  
  48  4:47  Roach  
  48  4:48  Roach x4  
  58  5:11  Overlord x3  
  58  5:13  Glial Reconstitution  
  58  5:20  Evolution Chamber x2  
  56  5:40  Drone  
  56  5:41  Drone x15  
  56  5:42  Drone x4  
  76  5:59  Extractor  
  76  6:02  Extractor  
  74  6:15  Overlord  
  74  6:16  Overlord x5  
  74  6:24  Hydralisk Den  
  73  6:27  Drone  
  74  6:37  Drone x6  
  80  6:40  Drone x4  
  80  6:42  Drone x6  
Show
View Real Time Build Order
Export as new Build Order

lesha Terran - Winner!

Build Orders: Reaper Expand 

Get SALT Encoding   

  12  0:01  SCV  
  13  0:13  SCV  
  14  0:19  Supply Depot  
  14  0:25  SCV  
  15  0:40  SCV  
  15  0:42  Barracks  
  16  0:48  Refinery  
  16  0:52  SCV  
  17  1:04  SCV  
  18  1:16  SCV  
  19  1:29  Orbital Command  
  19  1:32  Reaper  
  20  1:41  Command Center  
  20  1:53  Supply Depot  
  21  1:54  SCV  
  21  2:06  SCV  
  22  2:10  Barracks Reactor  
  22  2:12  Barracks  
  22  2:18  SCV  
  23  2:31  SCV  
  23  2:32  Factory  
  24  2:43  SCV  
  25  2:51  Marine x2  
  27  2:55  SCV  
  28  3:09  Orbital Command  
  28  3:10  Marine x2  
  29  3:26  Refinery  
  29  3:32  Barracks  
  29  3:33  Barracks  
  29  3:35  Starport  
  29  3:43  SCV  
  29  3:44  SCV  
  31  3:48  Marine x2  
  31  3:50  Barracks Reactor  
  31  3:52  Factory Tech Lab  
  33  3:56  SCV x2  
  35  4:07  Supply Depot  
  35  4:08  Marine x2  
  37  4:11  SCV x2  
  37  4:14  Engineering Bay  
  39  4:21  Supply Depot  
  41  4:24  SCV x2  
  41  4:28  Barracks Tech Lab  
  41  4:31  Barracks Reactor  
  41  4:35  Starport Reactor  
  41  4:36  Marine  
  41  4:37  Marine x3  
  45  4:40  Siege Tank  
  45  4:42  SCV x2  
  50  4:51  Stimpack  
  50  4:54  Marine x2  
  50  4:56  Marine x2  
  50  4:57  Marine  
  55  5:02  Supply Depot, SCV x2  
  55  5:03  Supply Depot  
  57  5:11  Refinery  
  57  5:12  Marine x2  
  57  5:13  Refinery, Marine  
  60  5:14  SCV, Marine  
  62  5:24  SCV  
  62  5:27  Marine  
  62  5:28  Marine x2  
  65  5:35  Supply Depot, Medivac  
  68  5:37  Supply Depot  
  68  5:38  Marauder  
  68  5:42  Marine x3  
  73  5:47  Medivac  
  75  5:59  Marine x3  
  78  6:09  Marine  
  78  6:10  Marine x2  
  78  6:11  Marauder  
  83  6:20  Medivac x2  
  83  6:21  Marine x3  
  90  6:26  Command Center  
  90  6:29  SCV x2, Engineering Bay  
  92  6:41  SCV x2  
Tags
 
Add a new tag
Caveats
  • Supply blocks, unpowered buildings, or Contaminate may cause inaccurate times.
  • Supply counts are checked every 10 seconds.